 Dungeon Crawl Stone Soup version 0.29.1-15-g9cfb28693d (webtiles) character file.

Game seed: 8870199980893184794

17469 tizbic2 the Skirmisher (level 12, -1/95 HPs)
             Began as a Gnoll Hunter on Apr 7, 2023.
             Was a High Priest of Okawaru.
             Slain by a five-headed hydra (12 damage)
             ... on level 12 of the Dungeon.
             The game lasted 01:00:14 (11630 turns).

tizbic2 the Skirmisher (Gnoll Hunter)              Turns: 11630, Time: 01:00:14

Health: -1/95      AC: 19    Str: 18    XL:     12   Next: 48%
Magic:  23/23      EV: 12    Int:  9    God:    Okawaru [*****.]
Gold:   630        SH:  0    Dex: 19    Spells: 23/26 levels left

rFire   . . .      SeeInvis .   Y - +2 hand axe (flame)
rCold   . . .      Faith    .   (no shield)
rNeg    + . .      Spirit   .   i - +4 chain mail of Rook {+Blink rCorr Stlth+}
rPois   .          Reflect  .   (no helmet)
rElec   .          Harm     .   (no cloak)
rCorr   +          Rampage  .   h - +0 pair of gloves
Will    .....                   D - +2 pair of boots
Stlth   ++........              (no amulet)
HPRegen 0.25/turn               g - ring of positive energy
MPRegen 0.18/turn               u - +6 ring of strength

@: no status effects
A: fangs 1, strong nose, distributed training
a: Renounce Religion, Evoke Blink, Heroism, Finesse, Duel


You were on level 12 of the Dungeon.
You worshipped Okawaru.
Okawaru was extremely pleased with you.
You visited 2 branches of the dungeon, and saw 13 of its levels.
You also visited: Sewer and Ossuary.

You collected 630 gold pieces.

Inventory:

Hand Weapons
 a - the +7 dagger of Defilement {vorpal, Contam rPois rC+}
   (You found it on level 12 of the Dungeon)

   It inflicts extra damage upon your enemies.
   rC:        It protects you from cold.
   rPois:     It protects you from poison.
   Contam:    It causes magical contamination when unequipped.
 c - a -1 demon whip of venom
 r - a +2 trident of protection
 w - the +8 storm bow {elec, penet}
   (You acquired it on level 2 of the Dungeon)

   Any ammunition fired from it occasionally discharges a powerful burst of
   electricity upon striking a foe.
   Any ammunition fired by it passes through the targets it hits, potentially
   hitting all targets in its path until it reaches maximum range.
 V - a +0 arbalest
 X - a +2 great sword of freezing
 Y - a +2 hand axe of flaming (weapon)
Missiles
 E - 2 throwing nets
 F - 3 curare-tipped darts
 K - 17 poisoned darts
 S - 17 boomerangs
 W - a silver javelin
Armour
 h - a +0 pair of gloves (worn)
 i - the +4 chain mail of Rook (worn) {+Blink rCorr Stlth+}
   (Okawaru gifted it to you on level 10 of the Dungeon)

   +Blink:    It lets you blink.
   rCorr:     It protects you from acid and corrosion.
   Stlth:     It makes you more stealthy.
 q - the +2 leather armour of Zin's Approval {+Blink rC+ Int+4}
   (You found it on level 8 of the Dungeon)

   Int:       It affects your intelligence (+4).
   rC:        It protects you from cold.
   +Blink:    It lets you blink.
 D - a +2 pair of boots (worn)
Jewellery
 g - a ring of positive energy (left hand)
 m - a ring of protection from fire
 u - a +6 ring of strength (right hand)
 C - a ring of magical power
Wands
 p - a wand of roots (10)
 A - a wand of paralysis (20)
 Q - a wand of polymorph (7)
 T - a wand of mindburst (4)
Scrolls
 b - 4 scrolls of immolation
 l - a scroll of silence {unknown}
 x - a scroll of brand weapon {unknown}
 y - 8 scrolls of teleportation
 H - 2 scrolls of torment
 L - 2 scrolls of fear
 P - 3 scrolls of amnesia {unknown}
 R - 3 scrolls of vulnerability
 Z - a scroll of poison {unknown}
Potions
 d - 3 potions of berserk rage
 e - a potion of heal wounds
 f - 9 potions of curing
 j - 2 potions of lignification
 k - a potion of attraction
 n - 2 potions of brilliance
 o - 2 potions of mutation
 s - a potion of cancellation
 v - a potion of flight
 z - 2 potions of ambrosia
 G - 2 potions of resistance
 I - 2 potions of might
 M - 2 potions of haste
 N - a potion of magic
 O - a potion of invisibility


   Skills:
 + Level 9.0 Fighting
 + Level 7.6 Short Blades
 + Level 7.6 Long Blades
 + Level 7.6 Axes
 + Level 7.6 Maces & Flails
 + Level 7.6 Polearms
 + Level 7.6 Staves
 + Level 11.4 Ranged Weapons
 + Level 7.6 Throwing
 + Level 7.6 Armour
 + Level 9.0 Dodging
 + Level 8.0 Stealth
 + Level 7.6 Shields
 + Level 7.6 Unarmed Combat
 + Level 7.6 Spellcasting
 + Level 6.3 Conjurations
 + Level 6.3 Hexes
 + Level 6.3 Summonings
 + Level 6.3 Necromancy
 + Level 6.3 Translocations
 + Level 6.3 Transmutations
 + Level 6.3 Fire Magic
 + Level 6.3 Ice Magic
 + Level 6.3 Air Magic
 + Level 6.3 Earth Magic
 + Level 6.3 Poison Magic
 + Level 8.3 Invocations
 + Level 7.6 Evocations


You had 23 spell levels left.
You knew the following spells:

 Your Spells              Type           Power      Damage    Failure   Level
a - Portal Projectile     Hex/Tloc       28%        N/A       38%         3

Your spell library contained the following spells:

 Spells                   Type           Power      Damage    Failure   Level
 Necrotise                Necr           56%        1d6       14%         1
 Gell's Gravitas          Tloc           14%        N/A       38%         3
 Lesser Beckoning         Tloc           14%        N/A       38%         3
 Teleport Other           Tloc           14%        N/A       38%         3
 Vampiric Draining        Necr           14%        2d7       38%         3
 Agony                    Necr           14%        N/A       98%         5
 Blade Hands              Tmut           7%         N/A       98%         5
 Tukima's Dance           Hex            Unusable   N/A       N/A         3

Dungeon Overview and Level Annotations

Branches:
Dungeon (12/15)            Temple (1/1) D:5            Lair (0/5) D:10
    Orc (0/2) D:9           Sewer (visited)         Ossuary (visited)

Altars:
Ashenzari
Cheibriados
Dithmenos
Elyvilon
Fedhas
Gozag
Hepliaklqana
Kikubaaqudgha
Makhleb
Nemelex Xobeh
Okawaru
Qazlal
Ru
Sif Muna
Trog
Uskayaw
Vehumet
Wu Jian
Xom
Yredelemnul
Zin
The Shining One
Ignis

Shops:
D:7 :


Innate Abilities, Weirdness & Mutations

You have very sharp teeth.
Your uncanny sense of smell can sniff out nearby items.
Your experience applies equally to all skills.


Message History

The seven-headed hydra completely misses you.
The seven-headed hydra bites you but does no damage.
The seven-headed hydra bites you.
* * * LOW HITPOINT WARNING * * *
The seven-headed hydra barely misses you.
The seven-headed hydra bites you but does no damage.
The seven-headed hydra closely misses you.
The seven-headed hydra bites you but does no damage.
You slice one of the seven-headed hydra's heads off!
The flame cauterises the wound!
You slash the six-headed hydra! You burn the six-headed hydra.
You bite the six-headed hydra.
The six-headed hydra is almost dead.
The six-headed hydra bites you but does no damage.
The six-headed hydra completely misses you.
The six-headed hydra bites you.
* * * LOW HITPOINT WARNING * * *
The six-headed hydra bites you but does no damage.
The six-headed hydra bites you.
* * * LOW HITPOINT WARNING * * *
The six-headed hydra bites you but does no damage.
You feel much better.
The six-headed hydra completely misses you.
The six-headed hydra barely misses you. The six-headed hydra bites you!
* * * LOW HITPOINT WARNING * * *
The six-headed hydra bites you.
* * * LOW HITPOINT WARNING * * *
The six-headed hydra bites you but does no damage.
The six-headed hydra misses you.
You lop one of the six-headed hydra's heads off!
The flame cauterises the wound!
You slash the five-headed hydra! You burn the five-headed hydra.
The five-headed hydra is almost dead.
The five-headed hydra completely misses you.
The five-headed hydra bites you but does no damage.
The five-headed hydra bites you.
* * * LOW HITPOINT WARNING * * *
The five-headed hydra bites you!
* * * LOW HITPOINT WARNING * * *
The five-headed hydra bites you!
You die...

y.#.....#..
..........#
.......#.#
......#.#
#....#.#
#....#.#
#...y#.#
#....D@#
#....###
#>.### #..#
######..####
#......<...#
#..........#
#..........#
#..........#


You could see a five-headed hydra and a vampire mosquito.

Vanquished Creatures
  A boulder beetle (D:11)
  Erolcha (D:9)
  A two-headed ogre (D:11)
  2 death yaks
  Amaemon (D:8)
  A skeletal warrior (D:11)
  Pikel (D:4)
  2 manticores
  A cyclops (D:10)
  An orange demon (D:8)
  A gargoyle (D:11)
  2 trolls (D:11)
  A meliai zombie (D:11)
  21 yaks
  3 shadows
  2 vampires (D:11)
  A wyvern (D:10)
  3 steam dragons
  2 water moccasins (D:8)
  An acid dragon (D:11)
  A sky beast (D:6)
  4 ice beasts (D:8)
  A black bear (D:6)
  2 orc warriors (D:8)
  3 centaurs
  An ogre (D:6)
  3 lemures (D:4)
  6 kobold brigands
  A phantom (D:5)
  7 bullfrogs
  6 scorpions
  4 necrophages
  8 wights
  5 killer bees (D:9)
  2 howler monkeys (D:8)
  4 jellies
  11 hounds
  2 gnoll boudas
  5 orc priests
  5 centaur zombies
  4 iguanas (D:6)
  15 orc wizards
  3 ogre zombies (Ossuary)
  7 mummies (Ossuary)
  14 gnolls
  14 adders
  A shadow imp (D:5)
  A white imp (D:8)
  5 adder zombies (Ossuary)
  A worm (D:2)
  2 dart slugs
  43 orcs
  7 endoplasms
  13 giant cockroaches
  9 goblins
  12 hobgoblins
  4 jackals (D:4)
  8 quokkas
  13 ball pythons
  6 bats
  14 frilled lizards
  3 goblin zombies (Ossuary)
  7 hobgoblin zombies (Ossuary)
  14 kobolds
  4 kobold zombies (Ossuary)
  2 quokka zombies (Ossuary)
  10 rats
  4 rat zombies (Ossuary)
370 creatures vanquished.

Vanquished Creatures (others)
  3 withered plants (D:11)
3 creatures vanquished.

Grand Total: 373 creatures vanquished

Notes
Turn   | Place    | Note
-------+----------+-------------------------------------------
     0 | D:1      | tizbic2 the Gnoll Hunter began the quest for the Orb.
     0 | D:1      | Reached XP level 1. HP: 20/20 MP: 1/1
    61 | D:1      | Reached XP level 2. HP: 21/26 MP: 2/2
   282 | D:1      | Found a faded altar of an unknown god.
   334 | D:1      | Reached XP level 3. HP: 31/31 MP: 3/3
   663 | D:2      | Reached skill level 1 in Invocations
   819 | D:2      | Reached skill level 1 in Short Blades
   819 | D:2      | Reached skill level 1 in Long Blades
   819 | D:2      | Reached skill level 1 in Axes
   819 | D:2      | Reached skill level 1 in Maces & Flails
   819 | D:2      | Reached skill level 1 in Polearms
   819 | D:2      | Reached skill level 1 in Staves
   819 | D:2      | Reached skill level 1 in Throwing
   819 | D:2      | Reached skill level 1 in Armour
   819 | D:2      | Reached skill level 1 in Shields
   819 | D:2      | Reached skill level 1 in Unarmed Combat
   819 | D:2      | Reached skill level 1 in Spellcasting
   819 | D:2      | Reached skill level 1 in Evocations
   878 | D:2      | Reached XP level 4. HP: 20/38 MP: 5/5
  1088 | D:2      | Identified a scroll of acquirement
  1088 | D:2      | Acquired the +8 storm bow {elec, penet}
  1088 | D:2      | Found the +8 storm bow {elec, penet}
  1761 | D:3      | Reached skill level 1 in Conjurations
  1761 | D:3      | Reached skill level 1 in Hexes
  1761 | D:3      | Reached skill level 1 in Summonings
  1761 | D:3      | Reached skill level 1 in Necromancy
  1761 | D:3      | Reached skill level 1 in Translocations
  1761 | D:3      | Reached skill level 1 in Transmutations
  1761 | D:3      | Reached skill level 1 in Fire Magic
  1761 | D:3      | Reached skill level 1 in Ice Magic
  1761 | D:3      | Reached skill level 1 in Air Magic
  1761 | D:3      | Reached skill level 1 in Earth Magic
  1761 | D:3      | Reached skill level 1 in Poison Magic
  1768 | D:3      | Found an opulent altar of Gozag.
  2128 | D:4      | Reached XP level 5. HP: 43/43 MP: 5/7
  2163 | D:4      | Found a glowing drain.
  2242 | Sewer    | Entered a sewer
  2333 | Sewer    | Reached XP level 6. HP: 50/50 MP: 8/8
  2422 | Sewer    | Reached skill level 5 in Fighting
  2422 | Sewer    | Reached skill level 5 in Dodging
  2456 | Sewer    | Identified the +3 short sword of Woorr {pain, *Noise rPois
                  | Int+8 Stlth+}
  2510 | D:4      | Reached XP level 7. HP: 48/56 MP: 10/10
  2660 | D:4      | Reached skill level 9 in Ranged Weapons
  2763 | D:4      | Noticed Pikel
  2780 | D:4      | Killed Pikel
  2781 | D:4      | Reached XP level 8. HP: 34/64 MP: 11/13
  3143 | D:5      | Entered Level 5 of the Dungeon
  3187 | D:5      | Found a staircase to the Ecumenical Temple.
  3211 | Temple   | Entered the Ecumenical Temple
  3275 | Temple   | Became a worshipper of Warmaster Okawaru
  3610 | D:5      | Reached XP level 9. HP: 68/69 MP: 14/14
  3879 | D:6      | Reached * piety under Okawaru
  3895 | D:6      | Found an ornate altar of the Wu Jian Council.
  3935 | D:6      | Reached skill level 5 in Stealth
  4019 | D:6      | Found a sand-covered staircase.
  4024 | Ossuary  | Entered an ossuary
  4280 | Ossuary  | Reached skill level 5 in Invocations
  4485 | D:6      | Found a shimmering altar of Xom.
  4485 | D:6      | Found a sacrificial altar of Ru.
  4548 | D:6      | Reached ** piety under Okawaru
  4885 | D:6      | Reached skill level 5 in Short Blades
  4885 | D:6      | Reached skill level 5 in Long Blades
  4885 | D:6      | Reached skill level 5 in Axes
  4885 | D:6      | Reached skill level 5 in Maces & Flails
  4885 | D:6      | Reached skill level 5 in Polearms
  4885 | D:6      | Reached skill level 5 in Staves
  4885 | D:6      | Reached skill level 5 in Throwing
  4885 | D:6      | Reached skill level 5 in Armour
  4885 | D:6      | Reached skill level 5 in Shields
  4885 | D:6      | Reached skill level 5 in Unarmed Combat
  4885 | D:6      | Reached skill level 5 in Spellcasting
  4885 | D:6      | Reached skill level 5 in Evocations
  4885 | D:6      | Reached XP level 10. HP: 67/77 MP: 17/17
  4896 | D:6      | Found a stormy altar of Qazlal.
  5150 | D:7      | Found a snail-covered altar of Cheibriados.
  5157 | D:7      | Reached skill level 10 in Ranged Weapons
  5190 | D:7      | Learned a level 3 spell: Portal Projectile
  5345 | D:7      | Found a shimmering blue altar of Sif Muna.
  5356 | D:7      | Found an ancient bone altar of Kikubaaqudgha.
  5364 | D:7      | Got Kikubaaqudgha's Vellum of Sinister Liturgies
  5372 | D:7      | Found a radiant altar of Vehumet.
  5521 | D:7      | Found Oneocsak's Vocational Training.
  6069 | D:8      | Found a shadowy altar of Dithmenos.
  6182 | D:8      | Noticed an orange demon
  6183 | D:8      | Noticed Amaemon
  6192 | D:8      | Killed an orange demon
  6192 | D:8      | Reached *** piety under Okawaru
  6209 | D:8      | Killed Amaemon
  6470 | D:8      | Identified the +2 leather armour of Zin's Approval {+Blink
                  | rC+ Int+4}
  6569 | D:8      | Reached **** piety under Okawaru
  6799 | D:8      | Reached skill level 5 in Conjurations
  6799 | D:8      | Reached skill level 5 in Hexes
  6799 | D:8      | Reached skill level 5 in Summonings
  6799 | D:8      | Reached skill level 5 in Necromancy
  6799 | D:8      | Reached skill level 5 in Translocations
  6799 | D:8      | Reached skill level 5 in Transmutations
  6799 | D:8      | Reached skill level 5 in Fire Magic
  6799 | D:8      | Reached skill level 5 in Ice Magic
  6799 | D:8      | Reached skill level 5 in Air Magic
  6799 | D:8      | Reached skill level 5 in Earth Magic
  6799 | D:8      | Reached skill level 5 in Poison Magic
  6800 | D:8      | Reached XP level 11. HP: 74/85 MP: 18/20
  7067 | D:9      | Noticed Erolcha
  7073 | D:9      | Killed Erolcha
  7073 | D:9      | Received a gift from Okawaru
  7075 | D:9      | Reached ***** piety under Okawaru
  7423 | D:9      | Found a staircase to the Orcish Mines.
  7486 | D:9      | Received a gift from Okawaru
  8059 | D:10     | Entered Level 10 of the Dungeon
  8270 | D:10     | Noticed a death yak
  8290 | D:10     | Noticed a death yak
  8829 | D:10     | Noticed a death yak
  9048 | D:9      | Killed a death yak
  9061 | D:10     | Killed a death yak
  9282 | D:10     | Reached skill level 11 in Ranged Weapons
  9282 | D:10     | Identified the +4 chain mail of Rook {+Blink rCorr Stlth+}
                  | (Okawaru gifted it to you on level 10 of the Dungeon)
  9282 | D:10     | Received a gift from Okawaru
  9410 | D:10     | Found a staircase to the Lair.
  9465 | D:10     | Noticed a cyclops
  9471 | D:10     | Killed a cyclops
  9825 | D:11     | Noticed a boulder beetle
  9839 | D:11     | Killed a boulder beetle
  9840 | D:11     | Reached XP level 12. HP: 49/94 MP: 22/22
 10269 | D:11     | Noticed a two-headed ogre
 10277 | D:11     | Killed a two-headed ogre
 11601 | D:12     | Identified the +7 dagger of Defilement {vorpal, Contam
                  | rPois rC+}
 11620 | D:12     | Noticed an eight-headed hydra
 11630 | D:12     | Slain by a five-headed hydra

Illustrated notes

Levels and vault maps discovered:
D:1:      psy_arrival_whirlpool, layout_basic,
          dilly_ecumenical_altar_fadedgnrine
D:2:      cheibrodos_greedy_goblins, layout_basic, serial_park_tiny_pond
D:3:      layout_rooms, grunt_gozag_breadcrumbs, dk_noncrumbling_4
D:4:      layout_loops_ring, portal_sewer_entry_f, nrook_mini_vaults, uniq_pikel
D:5:      layout_rooms, minmay_temple_entry_drinking_statues, serial_curves,
          eino_curves_02, eino_curves_03
D:6:      layout_basic, gammafunk_temple_overflow_statue,
          mainiacjoe_overflow_six_doors_small,
          mainiacjoe_overflow_concentric_impassable, nicolae_ossuary_entry_plus,
          minmay_alternating_orb
D:7:      layout_basic, palyth_temple_overflow_mages, kennysheep_slug_shrine,
          nicolae_shop_vocational
D:8:      layout_basic, mainiacjoe_overflow_catwalk, grunt_decor_resistance,
          minmay_joined_circles, uniq_amaemon
D:9:      layout_stronghold, orc_0_dummy, uniq_erolcha
D:10:     layout_rooms, dpeg_lair_monsters, lightli_minifort
D:11:     layout_basic, serial_undead, serial_undead_b, serial_undead_f,
          serial_undead_b, serial_undead_c
D:12:     layout_rooms, minmay_guarded_unrand_variability, uniq_azrael
Temple:   pdpol_scorched_temple

Skill      XL: |  1  2  3  4  5  6  7  8  9 10 11 12 |
---------------+-------------------------------------+-----
Invocations    | 1 2 3 4 5 6 7 8 |  8.3
Short Blades   | 1 2 3 5 6 7 |  7.6
Long Blades    | 1 2 3 5 6 7 |  7.6
Axes           | 1 2 3 5 6 7 |  7.6
Maces & Flails | 1 2 3 5 6 7 |  7.6
Polearms       | 1 2 3 5 6 7 |  7.6
Staves         | 1 2 3 5 6 7 |  7.6
Throwing       | 1 2 3 5 6 7 |  7.6
Armour         | 1 2 3 5 6 7 |  7.6
Shields        | 1 2 3 5 6 7 |  7.6
Unarmed Combat | 1 2 3 5 6 7 |  7.6
Spellcasting   | 1 2 3 5 6 7 |  7.6
Evocations     | 1 2 3 5 6 7 |  7.6
Conjurations   | 1 2 3 4 5 6 |  6.3
Hexes          | 1 2 3 4 5 6 |  6.3
Summonings     | 1 2 3 4 5 6 |  6.3
Necromancy     | 1 2 3 4 5 6 |  6.3
Translocations | 1 2 3 4 5 6 |  6.3
Transmutations | 1 2 3 4 5 6 |  6.3
Fire Magic     | 1 2 3 4 5 6 |  6.3
Ice Magic      | 1 2 3 4 5 6 |  6.3
Air Magic      | 1 2 3 4 5 6 |  6.3
Earth Magic    | 1 2 3 4 5 6 |  6.3
Poison Magic   | 1 2 3 4 5 6 |  6.3
Stealth        | 3 4 5 6 7 8 |  8.0
Fighting       | 5 6 7 8 9 |  9.0
Dodging        | 5 6 7 8 9 |  9.0
Ranged Weapons | 9 10 11 | 11.4

Action                   |  1- 3 |  4- 6 |  7- 9 | 10-12 || total
-------------------------+-------+-------+-------+-------++-------
Melee: Hand axe          |     7 |     2 |       |     3 ||    12
       Short sword       |       |       |    11 |       ||    11
       Bite              |       |       |     2 |     4 ||     6
       Great sword       |       |       |       |    10 ||    10
       Trident           |       |       |       |     2 ||     2
       Demon whip        |       |       |       |     1 ||     1
       Punch             |       |       |       |     1 ||     1
 Fire: Shortbow          |   109 |     1 |       |       ||   110
       Longbow           |       |   105 |   209 |   316 ||   630
 Cast: Portal Projectile |       |       |       |     5 ||     5
Invok: Heroism           |       |       |     1 |     5 ||     6
 Abil: Evoke Blink       |       |       |       |     9 ||     9
Evoke: Wand              |       |       |       |     1 ||     1
  Use: Scroll            |     3 |     5 |     8 |    17 ||    33
       Potion            |     1 |       |       |     2 ||     3
 Stab: Sleeping          |       |       |     2 |       ||     2
Armor: Leather armour    |     7 |     6 |       |    14 ||    27
       Scale mail        |       |     2 |     3 |       ||     5
       Ring mail         |       |       |    25 |       ||    25
       Steam dragon scal |       |       |       |     3 ||     3
       Chain mail        |       |       |       |    74 ||    74
       Plate armour      |       |       |       |    15 ||    15
Dodge: Dodged            |    31 |    13 |    44 |   138 ||   226
